 Dungeon Crawl Stone Soup version 0.28-a0-241-gfbb0926a3a (webtiles) character file.

Game seed: 8753240216415900229

874 PentaManta the Slinger (level 7, -1/52 HPs)
             Began as a Spriggan Berserker on Aug 24, 2021.
             Was a Priest of Trog.
             Slain by an ice beast (14 damage)
             ... on level 5 of the Dungeon.
             The game lasted 00:07:08 (5757 turns).

PentaManta the Slinger (Spriggan Berserker)         Turns: 5757, Time: 00:07:09

Health: -1/52      AC:  3    Str: 13    XL:     7   Next: 74%
Magic:  8/8        EV: 21    Int: 10    God:    Trog [***...]
Gold:   175        SH:  0    Dex: 15    Spells: 6/6 levels left

rFire   . . .      SeeInvis +   e - +1 short sword (venom)
rCold   . . .      Faith    .   (shield restricted)
rNeg    . . .      Spirit   .   b - +0 animal skin
rPois   .          Reflect  .   (helmet restricted)
rElec   .          Harm     .   j - +0 cloak
rCorr   +          Rampage  .   (gloves unavailable)
Will    ++...                   (boots unavailable)
Stlth   ..........              A - amulet of the acrobat
HPRegen 0.17/turn               B - ring of resist corrosion
MPRegen 0.11/turn               C - ring of willpower

@: berserking, very quick
A: very small, no large weapons, unfitting armour, see invisible, speed 3
a: Renounce Religion, Berserk, Trog's Hand


You were on level 5 of the Dungeon.
You worshipped Trog.
Trog was most pleased with you.
You visited 1 branch of the dungeon, and saw 5 of its levels.

You collected 175 gold pieces.

Inventory:

Hand Weapons
 e - a +1 short sword of venom (weapon)
 g - a +0 hunting sling
 o - a +0 rapier
Missiles
 a - 232 stones (quivered)
 w - 8 curare-tipped darts
Armour
 b - a +0 animal skin (worn)
 j - a +0 cloak (worn)
 l - a +0 buckler
Jewellery
 h - an amulet of guardian spirit
 A - an amulet of the acrobat (around neck)
 B - a ring of resist corrosion (left hand)
 C - a ring of willpower (right hand)
Wands
 s - a wand of polymorph (11)
Scrolls
 d - 2 scrolls of noise {unknown}
 i - a scroll of identify {unknown}
 k - a scroll of magic mapping {unknown}
 n - 2 scrolls of vulnerability {unknown}
 p - a scroll of enchant weapon {unknown}
 r - a scroll of blinking {unknown}
 y - a scroll of fear {unknown}
 z - 2 scrolls of enchant armour {unknown}
Potions
 c - 2 potions of flight {unknown}
 f - a potion of might {unknown}
 m - 2 potions of lignification {unknown}
 q - a potion of magic {unknown}
 t - 2 potions of curing {unknown}
 u - 2 potions of heal wounds {unknown}
 v - a potion of ambrosia {unknown}
 x - 2 potions of haste {unknown}


   Skills:
 - Level 2.4 Fighting
 - Level 3.6 Short Blades
 * Level 8.3 Slings
 + Level 7.8 Dodging


You had 6 spell levels left.
You didn't know any spells.
Your spell library was empty.

Dungeon Overview and Level Annotations

Branches:
Dungeon (5/15)
 Temple: D:4-7

Altars:
Okawaru

Shops:
D:5 :

Annotations:
D:5 2 transporters


Innate Abilities, Weirdness & Mutations

You are very small and have problems with some larger weapons.
You are too small for most types of armour.
You have supernaturally acute eyesight. (SInv)
You cover ground extremely quickly. (Speed+++)


Message History

The ice beast is heavily wounded.
The ice beast misses you.
You hit the ice beast.
The ice beast is heavily wounded.
The ice beast closely misses you.
You barely miss the ice beast.
The ice beast is heavily wounded.
The ice beast completely misses you.
You barely miss the ice beast.
The ice beast is heavily wounded.
The ice beast misses you.
You hit the ice beast.
The ice beast is severely wounded.
The ice beast barely misses you.
You hit the ice beast.
The ice beast is severely wounded.
You hit the ice beast.
The ice beast is severely wounded.
The ice beast misses you.
You hit the ice beast.
The ice beast is almost dead.
The ice beast misses you.
You hit the ice beast.
The ice beast is almost dead.
The ice beast hits you. The ice beast freezes you!
* * * LOW HITPOINT WARNING * * *
You are too injured to fight recklessly!
You are too injured to fight recklessly!
You are too injured to fight recklessly!
You are too injured to fight recklessly!
A red film seems to cover your vision as you go berserk!
You feel yourself moving faster!
You feel mighty!
You closely miss the ice beast.
The ice beast is almost dead.
You completely miss the ice beast.
The ice beast is almost dead.
The ice beast hits you.
* * * LOW HITPOINT WARNING * * *
The ice beast freezes you!
You die...

.. #.....≈≈# #
#########.....≈≈#g#.
.............≈≈#..
.............≈≈###
............≈≈.8# #
#........[.≈≈.##.#
#@.........≈≈.#..'
#Y.........≈≈.##.#
#......###.≈≈.8#.#
#######......#
#.≈≈###..
#............#
#.≈≈#g..#
#.......######
#.≈≈#.#.# #.......#
#.≈≈##### #.......#
#.≈≈≈≈≈≈≈ #.......#
#.≈≈≈≈≈≈≈


You could see an ice beast.

Vanquished Creatures
  A black bear (D:4)
  Blork the orc (D:5)
  A bullfrog (D:4)
  4 scorpions
  3 hounds (D:5)
  A jelly (D:4)
  A bullfrog zombie (D:5)
  Jessica (D:2)
  Natasha (thrice) (D:3)
  An iguana (D:5)
  3 adders
  A white imp (D:4)
  An adder skeleton (D:4)
  3 worms
  2 dart slugs
  9 orcs
  4 ball pythons
  8 bats
  8 endoplasms
  2 giant cockroaches
  10 goblins
  10 hobgoblins
  4 quokkas
  3 frilled lizards
  A jackal skeleton (D:4)
  4 kobolds
  3 rats
93 creatures vanquished.

Vanquished Creatures (others)
  5 plants (D:5)
5 creatures vanquished.

Grand Total: 98 creatures vanquished

Notes
Turn   | Place    | Note
-------+----------+-------------------------------------------
     0 | D:1      | PentaManta the Spriggan Berserker began the quest for the
                  | Orb.
     0 | D:1      | Reached XP level 1. HP: 11/11 MP: 2/2
   106 | D:1      | Reached skill level 1 in Slings
   586 | D:1      | Reached XP level 2. HP: 16/16 MP: 3/3
  1585 | D:2      | Reached skill level 2 in Slings
  1585 | D:2      | Reached XP level 3. HP: 10/19 MP: 4/4
  1868 | D:2      | Found a faded altar of an unknown god.
  2005 | D:2      | Reached skill level 5 in Dodging
  2017 | D:2      | Reached skill level 3 in Slings
  2124 | D:2      | Reached ** piety under Trog
  2299 | D:2      | Found an iron altar of Okawaru.
  2470 | D:2      | Noticed Jessica
  2497 | D:2      | Killed Jessica
  2498 | D:2      | Reached XP level 4. HP: 23/23 MP: 5/5
  2782 | D:3      | Noticed Natasha
  2790 | D:3      | Killed Natasha
  2791 | D:3      | Reached skill level 4 in Slings
  3173 | D:3      | Reached XP level 5. HP: 27/27 MP: 6/6
  3331 | D:3      | Noticed Natasha
  3338 | D:3      | Killed Natasha
  3563 | D:3      | Noticed Natasha
  3571 | D:3      | Killed Natasha
  3788 | D:4      | Reached skill level 5 in Slings
  3909 | D:4      | Reached XP level 6. HP: 32/32 MP: 7/7
  4197 | D:4      | Reached skill level 6 in Slings
  4418 | D:4      | Reached XP level 7. HP: 35/35 MP: 8/8
  4826 | D:5      | Entered Level 5 of the Dungeon
  4828 | D:5      | Found Qilluqua's Book Shoppe.
  4839 | D:5      | Reached skill level 7 in Slings
  5152 | D:5      | Identified the +5 spear "Hoic" {venom, Int+8}
  5152 | D:5      | Identified the +1 kite shield "Werunena" {rC+ Dex+2}
  5154 | D:5      | Noticed Blork the orc
  5171 | D:5      | Killed Blork the orc
  5482 | D:5      | Reached *** piety under Trog
  5558 | D:5      | Reached skill level 8 in Slings
  5684 | D:5      | Found a transporter.
  5685 | D:5      | Found a transporter.
  5757 | D:5      | Slain by an ice beast

Illustrated notes

Levels and vault maps discovered:
D:1:      roderic_crossed_star, layout_basic
D:2:      layout_rooms, hellmonk_ecumenical_altar_crossroads, serial_curves,
          eino_curves_01, eino_curves_04, basic_altar, uniq_jessica
D:3:      layout_loops_corners, chequers_serial_rivers_micro_b,
          hangedman_abyss_or_decor_lesser_grid, uniq_natasha
D:4:      layout_basic
D:5:      layout_basic, gammafunk_ghost_gnarly_gnolls, serial_shops,
          nicolae_square_shop, uniq_blork_the_orc

Skill      XL: |  1  2  3  4  5  6  7 |
---------------+----------------------+-----
Slings         | 1 2 3 4 5 6 8 |  8.3
Dodging        | 5 6 7 |  7.8
Fighting       | |  2.4
Short Blades   | |  3.6

Action                   |  1- 3 |  4- 6 |  7- 9 || total
-------------------------+-------+-------+-------++-------
Melee: Short sword       |    51 |   120 |   107 ||   278
 Fire: Hunting sling     |   109 |    20 |       ||   129
Invok: Berserk           |     1 |     3 |     1 ||     5
 Stab: Sleeping          |     2 |     5 |       ||     7
Armor: Animal skin       |     8 |     9 |     9 ||    26
Dodge: Dodged            |    84 |    74 |   101 ||   259

Table legend: (Time is in decaauts)
 A = Elapsed time spent in this place.
 B = Non-inter-level travel time spent in this place.
 C = Inter-level travel time spent in this place.
 D = Time resting spent in this place.
 E = Time spent auto-exploring this place.
 F = Levels seen in this place.
 G = Mean time per level.
                   A        B        C        D        E       F      G
               +--------+--------+--------+--------+--------+-----+--------+
         Total |   4473 |   4429 |     44 |    741 |   2907 |   5 |  894.6 |
       Dungeon |   4473 |   4429 |     44 |    741 |   2907 |   5 |  894.6 |
               +--------+--------+--------+--------+--------+-----+--------+

Top non-repeatable levels by time:
     D:1: 1252 daAuts
     D:2: 895 daAuts
     D:4: 884 daAuts
     D:5: 752 daAuts
     D:3: 688 daAuts
